 Dungeon Crawl Stone Soup version 0.22.0-13-g43fe8f2 (webtiles) character file.

90 sking99 the Ruffian (level 4, 0/33 HPs)
             Began as a Formicid Transmuter on Aug 16, 2018.
             Was an Initiate of Ru.
             Slain by a gnoll
             ... wielding a +0 spear
              (8 damage)
             ... on level 2 of the Dungeon.
             The game lasted 00:03:58 (2211 turns).

sking99 the Ruffian (Formicid Transmuter)           Turns: 2211, Time: 00:03:59

Health: 0/33       AC:  2    Str: 14    XL:     4   Next: 85%
Magic:  2/7        EV: 12    Int: 14    God:    Ru [......]
Gold:   90         SH:  0    Dex: 11    Spells: 1/7 levels left

rFire    . . .     SeeInvis +     - Unarmed
rCold    . . .     Gourm    .   (no shield)
rNeg     . . .     Faith    .   b - +0 robe
rPois    .         Spirit   .   (helmet unavailable)
rElec    .         Reflect  .   (no cloak)
rCorr    .         Harm     .   (no gloves)
MR       .....                  (no boots)
Stlth    +.........             (no amulet)
HPRegen  0.11/turn              (no ring)
MPRegen  0.10/turn              (no ring)

@: no status effects
A: permanent stasis, dig shafts and tunnels, four strong arms, antennae 3
a: Dig, Shaft Self, Renounce Religion


You were on level 2 of the Dungeon.
You worshipped Ru.
Ru was noncommittal.
You were not hungry.

You visited 1 branch of the dungeon, and saw 2 of its levels.

You collected 90 gold pieces.

Inventory:

Missiles
 a - 9 arrows
Armour
 b - a +0 robe (worn)
 e - a +2 large shield
Jewellery
 h - an uncursed ring of resist corrosion {unknown}
 m - an uncursed ring of protection from fire {unknown}
Scrolls
 c - 2 scrolls of remove curse {unknown}
 f - a scroll of identify {unknown}
 i - a scroll of fog {unknown}
 k - a scroll of noise {unknown}
 l - a scroll of teleportation {unknown}
Potions
 g - a potion of invisibility {unknown}
 n - a potion of mutation {unknown}
Comestibles
 d - 6 rations
 j - 3 chunks of flesh


   Skills:
 - Level 2.0 Fighting
 - Level 1.7 Dodging
 + Level 1.8 Shields
 + Level 3.7 Unarmed Combat
 - Level 2.1 Spellcasting
 + Level 3.2 Transmutations
 + Level 1.4 Poison Magic


You had one spell level left.
You knew the following spells:

 Your Spells              Type           Power        Failure   Level  Hunger
a - Beastly Appendage     Tmut           ##....       6%          1    #......
b - Sticks to Snakes      Tmut           ##......     10%         2    ###....
c - Spider Form           Tmut/Pois      #.........   26%         3    ###....

Your spell library contained the following spells:

 Spells                   Type           Power        Failure   Level  Hunger
 Blade Hands              Tmut           ##........   86%         5    ######.
 Ice Form                 Ice/Tmut       #.......     77%         4    #####..


Dungeon Overview and Level Annotations

Branches:
Dungeon (2/15)

Altars:
Ru
The Shining One


Innate Abilities, Weirdness & Mutations

You cannot be hasted, slowed, berserked, paralysed or teleported.
You can dig through walls and to a lower floor.
Your four strong arms can wield two-handed weapons with a shield.
You have a pair of large antennae on your head. (SInv)


Message History

You closely miss the gnoll.
The gnoll is lightly wounded.
Your ball python bites the gnoll but does no damage.
Your ball python grabs the gnoll.
Your ball python constricts the gnoll.
Your ball python bites the gnoll but does no damage.
The gnoll barely misses you.
The gnoll hits your ball python with a whip.
Your ball python bites the gnoll.
Your ball python constricts the gnoll.
You hit the gnoll but do no damage.
The gnoll is moderately wounded.
Your ball python bites the gnoll but does no damage.
The gnoll hits you with a spear!
* * * LOW HITPOINT WARNING * * *
The gnoll hits your ball python with a whip!
Your ball python dies!
You hit the gnoll.
The gnoll is moderately wounded.
Your ball python bites the gnoll.
Your ball python grabs the gnoll.
Your ball python constricts the gnoll.
The gnoll hits you with a spear!
You die...

#.## ##.................#.#
####.###.#.###............#.###
#.....#....# ###.#.............
#.####.##..#####.#.######......
# #...#..........# #.......
#.#.#.#####...## ##......
#...#.# ##.....## ##.....
#..##.###.......## ##..#.#
#.###...#.##..@......####...#.#
#..........'.g.......'.........
####...####.gS......####...#.#
#.....# ##.......## ##.....
#.###g# ##.....## #.##.# ####.#
#.# ##...## #.##.# #..(.###.#
#####'##### #....# #.##.{...#
#..<......# #..###
#.###..######.###.###.# #..###


You could see 2 gnolls and a friendly ball python.

Vanquished Creatures
  An orc wizard (D:2)
  An adder (D:2)
  3 dart slugs (D:1)
  A leopard gecko (D:1)
  A ball python (D:2)
  A giant cockroach (D:2)
  3 goblins (D:1)
  2 hobgoblins (D:1)
  9 jackals
  4 kobolds
  2 bats
  A frilled lizard (D:2)
  6 rats
35 creatures vanquished.

Vanquished Creatures (collateral kills)
  A gnoll (D:2)
1 creature vanquished.

Grand Total: 36 creatures vanquished

Notes
Turn   | Place    | Note
-------+----------+-------------------------------------------
     0 | D:1      | sking99 the Formicid Transmuter began the quest for the Orb.
     0 | D:1      | Reached XP level 1. HP: 15/15 MP: 3/3
   125 | D:1      | Reached XP level 2. HP: 5/21 MP: 3/5
   739 | D:1      | Reached XP level 3. HP: 27/27 MP: 6/6
  1110 | D:1      | Learned a level 2 spell: Sticks to Snakes
  1188 | D:1      | Learned a level 3 spell: Spider Form
  1460 | D:2      | Found a sacrificial altar of Ru.
  1466 | D:2      | Reached skill level 1 in Shields
  1475 | D:2      | Reached skill level 1 in Poison Magic
  1475 | D:2      | Reached XP level 4. HP: 27/33 MP: 5/7
  1483 | D:2      | Became a worshipper of Ru the Awakened
  1756 | D:2      | Found a glowing golden altar of the Shining One.
  2211 | D:2      | Slain by a gnoll

Skill      XL: |  1  2  3 |
---------------+----------+-----
Fighting       | 2 |  2.0
Shields        | 1 |  1.8
Transmutations | 3 |  3.2
Poison Magic   | 1 |  1.4
Dodging        | |  1.7
Unarmed Combat | |  3.7
Spellcasting   | |  2.1

Action                   |  1- 3 |  4- 6 || total
-------------------------+-------+-------++-------
Melee: Unarmed           |    93 |    45 ||   138
       Punch             |     3 |       ||     3
       Kick              |     3 |     2 ||     5
 Cast: Beastly Appendage |     3 |     1 ||     4
       Sticks to Snakes  |       |     3 ||     3
 Stab: Invisible         |     1 |       ||     1
       Paralysed         |       |     2 ||     2
  Eat: Chunk             |     2 |     2 ||     4
Armor: Robe              |    12 |     6 ||    18
Dodge: Dodged            |    48 |    21 ||    69
